 Dungeon Crawl Stone Soup version 0.25-a0-161-gb7fd73d (webtiles) character file.

Game seed: 13218533863533642736, levelgen mode: deterministic

2065 Coldstonesans the Covert (level 9, -12/68 HPs)
             Began as a Naga Venom Mage on Nov 22, 2019.
             Mangled by Joseph
             ... wielding a +0 quarterstaff
              (14 damage)
             ... on level 7 of the Dungeon.
             The game lasted 00:35:14 (8613 turns).

Coldstonesans the Covert (Naga Venom Mage)          Turns: 8613, Time: 00:35:15

Health: -12/68     AC: 18    Str: 14    XL:     9   Next: 26%
Magic:  8/14       EV:  8    Int: 25    God:
Gold:   213        SH:  0    Dex: 11    Spells: 6/16 levels left

rFire    . . .     SeeInvis +   I - +1 halberd (elec)
rCold    . . .     Gourm    .   (shield currently unavailable)
rNeg     . . .     Faith    .   x - +2 leather armour "Daqix" {Int+2}
rPois    +         Spirit   .   m - +2 hat
rElec    .         Reflect  .   (no cloak)
rCorr    .         Harm     .   F - +1 pair of gloves
MR       +....                  j - +2 naga barding
Stlth    ++++......             (no amulet)
HPRegen  0.21/turn              r - ring of wizardry
MPRegen  0.14/turn              p - +2 ring of intelligence

@: mighty, studying Evocations, lightly drained, very slow
A: large, horns 1, slimy green scales 1, see invisible, clever 1, deformed body,
low mp 1, poison resistance, slowness 2, slow metabolism 1, spit poison 1, weak
1, MP-powered wands, AC +3
a: Spit Poison


You were on level 7 of the Dungeon.
You were hungry.

You visited 1 branch of the dungeon, and saw 7 of its levels.
You also visited: Ossuary.

You collected 457 gold pieces.
You spent 244 gold pieces at shops.

Inventory:

Hand Weapons
 y - a +3 spear of freezing
 I - a +1 halberd of electrocution (weapon)
 L - a +4 war axe
Missiles
 n - 2 throwing nets (quivered)
Armour
 a - a +0 robe
 j - a +2 naga barding (worn)
 m - a +2 hat (worn)
 x - the +2 leather armour "Daqix" (worn) {Int+2}
   (You bought it in a shop on level 4 of the Dungeon)

   It affects your intelligence (+2).
 z - a +0 buckler
 F - a +1 pair of gloves (worn)
Jewellery
 k - a +4 ring of dexterity
 p - a +2 ring of intelligence (right hand)
 r - a ring of wizardry (left hand)
 K - an uncursed amulet of inaccuracy
Wands
 A - a wand of digging (5)
 G - a wand of polymorph (8)
 H - a wand of flame (6)
Scrolls
 f - a scroll of immolation
 g - a scroll of random uselessness {unknown}
 h - 3 scrolls of identify
 o - a scroll of magic mapping {unknown}
 t - a scroll of fog
 u - 3 scrolls of remove curse
 v - 2 scrolls of teleportation {unknown}
Potions
 b - 3 potions of agility
 d - 3 potions of heal wounds
 e - 2 potions of cancellation {unknown}
 i - 4 potions of flight {unknown}
 l - 3 potions of ambrosia
 q - a potion of magic {unknown}
 s - 4 potions of curing
 w - a potion of might
 B - 2 potions of degeneration {unknown}
 C - 2 potions of brilliance {unknown}
 D - a potion of berserk rage {unknown}
 E - 2 potions of lignification {unknown}
Books
 J - a manual of Evocations
Comestibles
 c - 10 rations


   Skills:
 - Level 0.1(0.0) Fighting
 + Level 3.8(3.6) Dodging
 * Level 9.2(9.1) Stealth
 + Level 1.9(1.8) Shields
 - Level 0.1(0.0) Unarmed Combat
 + Level 4.4(4.2) Spellcasting
 * Level 5.2(5.0) Conjurations
 + Level 3.1(2.9) Air Magic
 + Level 7.7(7.5) Poison Magic


You had 6 spell levels left.
You knew the following spells:

 Your Spells              Type           Power        Failure   Level  Hunger
a - Sting                 Conj/Pois      ####         1%          1    None
b - Poisonous Vapours     Pois/Air       ####..       1%          2    None
c - Mephitic Cloud        Conj/Pois/Air  ####....     1%          3    ##.....
d - Olgreb's Toxic Radia  Pois           #####...     1%          4    ####...

Your spell library contained the following spells:

 Spells                   Type           Power        Failure   Level  Hunger
 Venom Bolt               Conj/Pois      #####.....   10%         5    #####..


Dungeon Overview and Level Annotations

Branches:
Dungeon (7/15)             Temple (0/1) D:6         Ossuary (visited)

Altars:
Gozag

Shops:
D:4 :?![   D:5 =   D:7 [

Annotations:
D:6 2 transporters, Rowan's ghost, novice OgBe
D:7 Dowan; Harold; Joseph; Menkaure


Innate Abilities, Weirdness & Mutations

You cannot wear boots.
Your serpentine skin is tough. (AC +3)
You have supernaturally acute eyesight. (SInv)
Armour fits poorly on your strangely shaped body.
Your system is resistant to poisons. (rPois)
You cover ground very slowly.
You have a slow metabolism.
You can spit poison.
You have a pair of small horns on your head.
You are partially covered in slimy green scales. (AC +2)
Your mind is acute. (Int +2)
Your magical capacity is low. (-10% MP)
You are weak. (Str -2)
You expend magic power (3 MP) to strengthen your wands.


Message History

You feel a bit more experienced. Menkaure barely misses you.
Found a runed granite ring.
Harold the Weathered comes into view.
He is wielding a +0 glaive.
Joseph shoots a sling bullet.
The sling bullet barely misses you.
There is a stone staircase leading down here.
Okay, then.
Okay, then.
Okay, then.
You feel very mighty all of a sudden.
Menkaure points at you and mumbles some strange words.
Pain shoots through your body!
* * * LOW HITPOINT WARNING * * *
Menkaure hums in an indecipherable tongue.
Menkaure points at you and mumbles some strange words.
Pain shoots through your body!
* * * LOW HITPOINT WARNING * * *
Joseph unwields a +2 hunting sling of flaming.
It stops flaming.
Joseph wields a +0 quarterstaff.
Joseph hits you with a +0 quarterstaff!
You die...

..### .#@ >.. ...### ...
#.. .^... ..=. #..##
...#...# ...# ...#..(##
#..# ##..)..... #..#
##......# #.#..###.M@....#
#...(e.(.@.##.....
∩......###..#.# ..##.
.%.!........#.# #.# .
.g####...#....###.######...
$ ........................
###.###..#.#####..###.. ...
#...#..#####.## ... ##..
#..#..[.......# ....


You could see Harold (sleeping), Joseph, Menkaure and Dowan.

Vanquished Creatures
  3 orc warriors (D:6)
  A phantom (D:4)
  2 ogres (D:4)
  A bullfrog (D:6)
  A gnoll sergeant (D:5)
  2 water moccasin zombies (Ossuary)
  4 killer bees (D:5)
  4 wights (D:6)
  A howler monkey (D:4)
  A centaur zombie (D:5)
  A jelly (D:6)
  2 hounds
  A gnoll shaman (D:5)
  A bullfrog skeleton (D:6)
  A centaur skeleton (D:4)
  An iguana (D:5)
  3 orc wizards
  4 worker ants
  3 big kobold zombies (Ossuary)
  The ghost of Wuag the Digger, a weakling TrEE (D:4)
  A hound skeleton (D:4)
  3 mummies
  A worker ant zombie (D:6)
  17 gnolls
  7 adders
  A shadow imp (D:6)
  5 adder zombies (Ossuary)
  A worm (D:2)
  5 leopard geckos
  22 orcs
  2 ball pythons (D:2)
  10 bats
  10 giant cockroaches
  A gnoll zombie (Ossuary)
  6 goblins
  13 hobgoblins
  7 kobolds
  2 quokkas (D:3)
  4 frilled lizards
  5 hobgoblin zombies
  5 kobold zombies
  2 orc zombies (Ossuary)
  2 quokka skeletons
  6 rats
176 creatures vanquished.

Vanquished Creatures (others)
  A gnoll zombie (Ossuary)
  6 plants (D:4)
7 creatures vanquished.

Grand Total: 183 creatures vanquished

Notes
Turn   | Place    | Note
-------+----------+-------------------------------------------
     0 | D:1      | Coldstonesans the Naga Venom Mage began the quest for the
                  | Orb.
     0 | D:1      | Reached XP level 1. HP: 15/15 MP: 3/3
   415 | D:1      | Reached XP level 2. HP: 15/22 MP: 1/5
  1441 | D:2      | Reached XP level 3. HP: 24/28 MP: 4/6
  1445 | D:2      | Learned a level 2 spell: Poisonous Vapours
  1449 | D:2      | Learned a level 3 spell: Mephitic Cloud
  1843 | D:2      | Reached skill level 5 in Poison Magic
  1975 | D:2      | Reached XP level 4. HP: 29/36 MP: 3/8
  2911 | D:3      | Reached skill level 4 in Stealth
  2911 | D:3      | Reached XP level 5. HP: 31/42 MP: 1/9
  3576 | D:4      | Noticed an ogre
  3589 | D:4      | Killed an ogre
  3589 | D:4      | Reached XP level 6. HP: 49/49 MP: 0/10
  3595 | D:4      | Learned a level 4 spell: Olgreb's Toxic Radiance
  3668 | D:4      | Reached skill level 5 in Stealth
  3669 | D:4      | Noticed a phantom
  3745 | D:5      | Entered Level 5 of the Dungeon
  3922 | D:4      | Found Soirauk's Book Shoppe.
  3956 | D:4      | Found an opulent altar of Gozag.
  3985 | D:4      | Found Plog's Magic Scroll Shop.
  4033 | D:4      | Found a transporter.
  4106 | D:4      | Noticed Wuag's ghost (weakling TrEE)
  4143 | D:4      | Found Falaewid's Distillery.
  4150 | D:4      | Bought a potion of curing for 39 gold pieces
  4150 | D:4      | Bought a potion of heal wounds for 65 gold pieces
  4286 | D:4      | Reached XP level 7. HP: 39/55 MP: 11/11
  4417 | D:4      | Reached skill level 6 in Stealth
  4484 | D:4      | Found Katami's Antique Armour Shoppe.
  4789 | D:4      | Gained mutation: You are weak. (Str -2) [potion of
                  | mutation]
  4789 | D:4      | Gained mutation: Your magical capacity is low. (-10% MP)
                  | [potion of mutation]
  4789 | D:4      | Gained mutation: You have a pair of small horns on your
                  | head. [potion of mutation]
  4957 | D:4      | Found a transporter.
  5245 | D:5      | Reached skill level 1 in Air Magic
  5756 | D:5      | Found Otorahuwu's Jewellery Boutique.
  5823 | D:4      | Bought an ancient leather armour for 140 gold pieces
  5833 | D:4      | Identified the +2 leather armour "Daqix" {Int+2} (You
                  | bought it in a shop on level 4 of the Dungeon)
  5919 | D:5      | Reached skill level 7 in Stealth
  5991 | D:5      | Reached XP level 8. HP: 62/62 MP: 7/12
  6445 | D:6      | Found a sand-covered staircase.
  6567 | Ossuary  | Entered an ossuary
  6789 | Ossuary  | Reached skill level 1 in Shields
  7057 | Ossuary  | Lost mutation: You are weak. (Str -2) [potion of mutation]
  7057 | Ossuary  | Gained mutation: You are weak. (Str -2) [potion of
                  | mutation]
  7057 | Ossuary  | Gained mutation: You expend magic power (3 MP) to
                  | strengthen your wands. [potion of mutation]
  7057 | Ossuary  | Gained mutation: You are partially covered in slimy green
                  | scales. (AC +2) [potion of mutation]
  7057 | Ossuary  | Gained mutation: Your mind is acute. (Int +2) [potion of
                  | mutation]
  7106 | D:6      | Reached skill level 8 in Stealth
  7285 | D:6      | Noticed Rowan's ghost (novice OgBe)
  7292 | D:6      | Found a transporter.
  7295 | D:6      | Found a transporter.
  7295 | D:6      | Noticed a brown ugly thing
  7413 | D:6      | Found a staircase to the Ecumenical Temple.
  7654 | D:4      | Killed Wuag's ghost
  7944 | D:4      | Reached XP level 9. HP: 58/68 MP: 13/13
  8154 | D:6      | Reached skill level 5 in Conjurations
  8273 | D:6      | Reached skill level 9 in Stealth
  8603 | D:7      | Noticed Menkaure
  8604 | D:7      | Found Rafufed's Armour Shoppe.
  8604 | D:7      | Noticed Dowan
  8604 | D:7      | Noticed Joseph
  8612 | D:7      | Noticed Harold
  8613 | D:7      | HP: 2/68 [Menkaure/nerve-wracking pain (12)]
  8613 | D:7      | Mangled by Joseph

Levels and vault maps discovered:
D:1:      lightli_arrival_statue_moat, layout_loops_ring, roderic_lattice_a
D:2:      layout_basic, trog_butcher_becter
D:3:      layout_basic, first_ration
D:4:      minmay_recursive_quarters, layout_basic,
          nicolae_gozag_cash_rules_everything_around_me, serial_shops,
          shop_fountains, shop, kennysheep_little_box, nicolae_shop_trees,
          gammafunk_ghost_gnarly_gnolls
D:5:      layout_loops_ring, serial_shops, nicolae_shop_trees
D:6:      layout_rooms, minmay_temple_entry_steel_oval, portal_sewer_entry_f,
          gammafunk_ghost_arena, nicolae_ossuary_entry_giza, st_stairs_14
D:7:      layout_rooms, serial_shops, shop, uniq_duvessa, uniq_menkaure,
          uniq_harold, uniq_joseph

Skill      XL: |  1  2  3  4  5  6  7  8  9 |
---------------+----------------------------+-----
Dodging        | 2 3 |  3.8
Poison Magic   | 5 6 7 |  7.7
Stealth        | 4 5 7 8 9 |  9.2
Spellcasting   | 3 4 |  4.4
Conjurations   | 2 3 4 5 |  5.2
Air Magic      | 1 2 3 |  3.1
Shields        | 1 |  1.9
Fighting       | |  0.1
Unarmed Combat | |  0.1

Action                   |  1- 3 |  4- 6 |  7- 9 || total
-------------------------+-------+-------+-------++-------
Melee: Unarmed           |    52 |    11 |       ||    63
       Dagger            |       |    74 |    31 ||   105
       Spear             |       |       |   213 ||   213
       Headbutt          |       |       |    42 ||    42
       Halberd           |       |       |    26 ||    26
 Cast: Sting             |    33 |    16 |    57 ||   106
       Poisonous Vapours |     6 |    33 |    18 ||    57
       Mephitic Cloud    |     1 |     4 |       ||     5
       Olgreb's Toxic Ra |       |     4 |     8 ||    12
 Abil: Spit Poison       |     2 |     7 |     1 ||    10
Evoke: Wand              |       |       |     1 ||     1
  Use: Scroll            |     2 |     2 |     9 ||    13
       Potion            |       |       |     6 ||     6
 Stab: Sleeping          |     1 |     1 |    13 ||    15
       Confused          |     1 |       |       ||     1
       Distracted        |       |       |     1 ||     1
  Eat: Chunk             |     3 |     8 |     4 ||    15
       Ration            |       |     1 |     2 ||     3
Armor: Robe              |    25 |    61 |    23 ||   109
       Leather armour    |       |       |   173 ||   173
Dodge: Dodged            |    35 |    48 |   117 ||   200

Table legend:
 A = Non-vault XP
 B = Vault XP
 C = Vault XP percentage of total XP
 D = Non-vault monster count
 E = Vault monster count
 F = Vault count percentage of total count
                 A         B        C        D         E       F
            +---------+---------+-------+---------+---------+-------
      Total |    2263 |     688 |  23.3 |     134 |      43 |  24.3
            +---------+---------+-------+---------+---------+-------
        D:1 |      32 |       0 |   0.0 |      20 |       0 |   0.0
        D:2 |      56 |       0 |   0.0 |      17 |       0 |   0.0
        D:3 |     156 |       0 |   0.0 |      37 |       0 |   0.0
        D:4 |     571 |     215 |  27.4 |      15 |      11 |  42.3
        D:5 |     602 |       0 |   0.0 |      19 |       0 |   0.0
        D:6 |     834 |     158 |  15.9 |      24 |       8 |  25.0
        D:7 |      12 |       0 |   0.0 |       2 |       0 |   0.0
    Ossuary |       0 |     315 | 100.0 |       0 |      24 | 100.0
            +---------+---------+-------+---------+---------+-------
